 Dungeon Crawl Stone Soup version 0.29.0-5-ge4962eb29e (webtiles) character file.

Game seed: 1749410274901019112

118234 Flugkiller the Severer (level 16, 0/134 (149) HPs)
             Began as a Minotaur Fighter on Aug 28, 2022.
             Was a High Priest of Okawaru.
             Slain by an emperor scorpion (1 damage)
             ... on level 3 of the Spider Nest.
             The game lasted 00:15:04 (24118 turns).

Flugkiller the Severer (Minotaur Fighter)          Turns: 24118, Time: 00:15:04

HP:   0/134 (149)   AC: 38    Str: 22    XL:     16   Next: 25%
MP:   31/33         EV: 15    Int: 10    God:    Okawaru [*****.]
Gold: 1962          SH:  8    Dex: 17    Spells: 15/15 levels left

rFire   + + .      SeeInvis .   G - +6 broad axe (chaos)
rCold   . . .      Faith    .   V - +0 buckler "Xurr" {rF+ Will+}
rNeg    . . .      Spirit   .   E - +0 plate armour
rPois   +          Reflect  .   A - +3 hat of Pondering {ponderous, Will+ MP+10 Int+5}
rElec   .          Harm     .   x - +2 cloak
rCorr   .          Rampage  .   s - +2 pair of gloves
Will    +++++                   a - +2 pair of boots "Yroarruj" {rF+ Will++}
Stlth   ..........              I - amulet of regeneration
HPRegen 1.12/turn               o - ring of poison resistance
MPRegen 0.23/turn               p - +4 ring of protection

@: heroic, spiked, hasted, studying Ranged Weapons, heavily drained, very quick
A: horns 2, retaliatory headbutt
a: Renounce Religion, Heroism, Finesse, Duel


You were on level 3 of the Spider Nest.
You worshipped Okawaru.
Okawaru was extremely pleased with you.
You visited 5 branches of the dungeon, and saw 26 of its levels.
You also visited: Gauntlet and Ice Cave.

You collected 2266 gold pieces.
You spent 304 gold pieces at shops.

Inventory:

Hand Weapons
 G - a +6 broad axe of chaos (weapon)
   (You took it off an orc warrior on level 10 of the Dungeon)
Missiles
 L - a throwing net (quivered)
Armour
 a - the +2 pair of boots "Yroarruj" (worn) {rF+ Will++}
   (Okawaru gifted it to you on level 10 of the Dungeon)

   rF:        It protects you from fire.
   Will:      It greatly increases your willpower.
 s - a +2 pair of gloves (worn)
   (You found it on level 3 of the Dungeon)
 x - a +2 cloak (worn)
   (You found it on level 4 of the Dungeon)
 A - the +3 hat of Pondering (worn) {ponderous, Will+ MP+10 Int+5}
   (You took it off Gastronok on level 8 of the Dungeon)

   Int:       It affects your intelligence (+5).
   MP:        It affects your magic capacity (+10).
   Will:      It increases your willpower.
 E - a +0 plate armour (worn)
   (You found it on level 1 of the Dungeon)
 U - a +0 kite shield
   (You took it off a tengu warrior on level 14 of the Dungeon)
 V - the +0 buckler "Xurr" (worn) {rF+ Will+}
   (Okawaru gifted it to you on level 15 of the Dungeon)

   rF:        It protects you from fire.
   Will:      It increases your willpower.
Jewellery
 c - a ring of fire
   (You found it on level 2 of the Spider Nest)
 f - a ring of protection from fire
   (You found it in an ice cave)
 i - a ring of see invisible
   (You found it on level 4 of the Dungeon)
 k - a ring of resist corrosion
   (You found it on level 5 of the Lair of Beasts)
 o - a ring of poison resistance (left hand)
   (You bought it in a shop on level 2 of the Orcish Mines)
 p - a +4 ring of protection (right hand)
   (You found it on level 8 of the Dungeon)
 H - the ring of Nuogukax {rC+ rCorr Str+4 Int-4 Dex+6}
   (You found it in an ice cave)

   [ring of dexterity]

   Str:       It affects your strength (+4).
   Int:       It affects your intelligence (-4).
   Dex:       It affects your dexterity (+6).
   rC:        It protects you from cold.
   rCorr:     It protects you from acid and corrosion.
 I - an amulet of regeneration (around neck)
   (You found it in an ice cave)
 J - a ring of flight
   (You found it on level 7 of the Dungeon)
 O - the ring of Fejikk {Will+ Str+4}
   (You found it in a Gauntlet)

   [ring of willpower]

   Str:       It affects your strength (+4).
   Will:      It increases your willpower.
 R - an amulet of guardian spirit
   (You found it on level 13 of the Dungeon)
 S - an amulet of the acrobat
   (You found it on level 13 of the Dungeon)
Wands
 e - a wand of iceblast (35)
   (You found it on level 3 of the Dungeon)
 g - a wand of digging (7)
   (You found it on level 10 of the Dungeon)
 K - a wand of mindburst (24)
   (You took it off Maurice on level 8 of the Dungeon)
 N - a wand of light (9)
   (You found it on level 10 of the Dungeon)
Scrolls
 b - 5 scrolls of enchant armour
 l - 4 scrolls of magic mapping
 m - a scroll of brand weapon
 t - 3 scrolls of teleportation
 y - 7 scrolls of fog
 z - a scroll of blinking
 D - 7 scrolls of vulnerability
Potions
 d - 5 potions of might
 h - 3 potions of haste
 j - 8 potions of lignification
 n - a potion of invisibility
 q - 5 potions of curing
 u - 2 potions of cancellation {unknown}
 v - 5 potions of flight
 w - a potion of heal wounds
 B - 6 potions of mutation
 M - 3 potions of ambrosia
 P - a potion of magic
 T - a potion of degeneration {unknown}
Miscellaneous
 C - a tin of tremorstones (2/2)
   (You found it on level 5 of the Lair of Beasts)
 F - a condenser vane
   (You found it on level 11 of the Dungeon)


   Skills:
 - Level 15.4(20.4) Fighting
 - Level 18.0(23.0) Axes
 - Level 15.3(20.3) Armour
 - Level 11.0(16.0) Dodging
 + Level 10.2(15.2) Shields
 - Level 11.0 Invocations
 - Level 8.3 Evocations


You had 15 spell levels left.
You didn't know any spells.
Your spell library was empty.

Dungeon Overview and Level Annotations

Branches:
Dungeon (15/15)            Temple (1/1) D:4            Lair (5/5) D:10
 Shoals (0/4) Lair:3       Spider (3/4) Lair:3        Slime (0/5) Lair:5
    Orc (2/2) D:10            Elf (0/3) Orc:2        Vaults (0/5) D:13
 Depths (0/4) D:15          IceCv (visited)         Gauntlet (visited)

Altars:
Ashenzari
Cheibriados
Dithmenos
Elyvilon
Fedhas
Gozag
Hepliaklqana
Kikubaaqudgha
Makhleb
Nemelex Xobeh
Okawaru
Qazlal
Ru
Sif Muna
Trog
Uskayaw
Vehumet
Wu Jian
Xom
Yredelemnul
Zin
The Shining One

Shops:
D:4 *   D:6 ?   D:7 [   Orc:2 :[==[

Annotations:
D:8 3 runed translucent doors, Suckerboh's ghost, novice GrFi
D:10 Lodul
Lair:2 2 transporters, SnubMonkey's ghost, journeyman MiBe
Lair:5 exclusion: 3 oklob plants


Innate Abilities, Weirdness & Mutations

You have a pair of horns on your head.
You reflexively headbutt those who attack you in melee.


Message History

The jorogumo hits you but does no damage.
The emperor scorpion misses you. The emperor scorpion claws you.
* * * LOW HITPOINT WARNING * * *
You block the emperor scorpion's attack.
You block the redback's attack. The emperor scorpion stings you!
* * * LOW HITPOINT WARNING * * *
The emperor scorpion claws you but does no damage.
The emperor scorpion barely misses you. The redback attacks as you move away!
You block the redback's attack.
Your surroundings suddenly seem different.
Found 12 gold pieces and a scroll of brand weapon.
Enter note: shoals and spider again, couldnt have it any other way Unknown command.
Unknown command.
You feel much better.
You feel much better.
You feel yourself speed up.
The redback bites you but does no damage.
The redback attacks as you move away! You block the redback's attack.
Found an escape hatch in the floor.
The jorogumo stares at you and mumbles some strange words.
The stream of webbing misses you. The redback attacks as you move away!
The redback barely misses you. You block the redback's attack.
The redback attacks as you move away! The redback closely misses you.
You furiously retaliate!
You headbutt the redback.
The emperor scorpion looks more healthy.
You see here a scroll of brand weapon.
m - a scroll of brand weapon The jorogumo stares at you and mumbles some strange words.
You block the stream of webbing.
The redback bites you but does no damage.
You gain the combat prowess of a mighty hero.
The redback barely misses you. The redback attacks as you move away!
You block the redback's attack.
The jorogumo's soul is no longer bound.
The jorogumo stares at you and mumbles some strange words.
The stream of webbing hits you but does no damage.
You are caught in a web!
There is a web here.
The web tears apart.
The orb spider begins to weave its threads into a brightly glowing ball.
The jorogumo stares at you and mumbles some strange words.
The bolt of negative energy misses you.
You can't go down here!
There is an escape hatch in the floor here.
The emperor scorpion stings you but does no damage.
You block the emperor scorpion's attack. x2
You slide downwards.
The hatch slams shut behind you.
Found 16 gold pieces.
Unknown command.
You feel more confident with your borrowed prowess.
You slice the emperor scorpion!!
You headbutt the emperor scorpion, but do no damage.
The emperor scorpion is moderately wounded.
The emperor scorpion closely misses you.
The emperor scorpion barely misses you.
The emperor scorpion claws you but does no damage.
You barely miss the emperor scorpion.
The emperor scorpion is moderately wounded.
You block the emperor scorpion's attack.
The emperor scorpion closely misses you.
The emperor scorpion claws you but does no damage.
You hit the emperor scorpion but do no damage.
Your headbutt misses the emperor scorpion.
The emperor scorpion is moderately wounded.
You barely miss the steelbarb worm. You slash the emperor scorpion!
The emperor scorpion goes berserk!
You headbutt the emperor scorpion.
The emperor scorpion is heavily wounded.
You slash the steelbarb worm! The emperor scorpion stings you!!
The emperor scorpion claws you but does no damage.
You block the emperor scorpion's attack.
The steelbarb worm hits you!
Barbed spikes become lodged in your body.
You slice the emperor scorpion!!
Space warps around the emperor scorpion.
The emperor scorpion is heavily wounded.
You hit the steelbarb worm. You freeze the steelbarb worm.
The emperor scorpion stings you but does no damage.
The emperor scorpion claws you but does no damage.
The emperor scorpion closely misses you.
You are too injured to fight recklessly!
You are too injured to fight recklessly!
You are too injured to fight recklessly!
You are too injured to fight recklessly!
You slice the emperor scorpion!! You burn the emperor scorpion.
The emperor scorpion is severely wounded.
You barely miss the steelbarb worm. The emperor scorpion stings you!
* * * LOW HITPOINT WARNING * * *
The emperor scorpion misses you. The emperor scorpion barely misses you.
The steelbarb worm hits you but does no damage.
You barely miss the emperor scorpion.
The emperor scorpion is severely wounded.
You hit the steelbarb worm. You burn the steelbarb worm.
The emperor scorpion stings you!!
* * * LOW HITPOINT WARNING * * *
You block the emperor scorpion's attack.
The emperor scorpion claws you.
You die...

#### ###s.##
#..w@.#
#.......#
#....#.#.$.#
...# #^ ...#
#. ## ...# ^
#... ^..#
..##


You could see an emperor scorpion (berserk, soul bound) and a steelbarb worm.

Vanquished Creatures
  Rupert (D:14)
  Gastronok (D:8)
  Kirke (D:14)
  A minotaur (Gauntlet)
  A bunyip (shapeshifter) (D:15)
  A spark wasp (Spider:1)
  Erolcha (D:9)
  2 rakshasas
  9 boulder beetles
  A great orb of eyes (D:15)
  Harold (D:11)
  3 hydras
  3 vault guards (D:13)
  2 centaur warriors
  An ogre mage (D:11)
  2 ironbound frosthearts (IceCv)
  6 two-headed ogres
  4 tengu warriors
  An alligator (shapeshifter) (D:15)
  27 death yaks
  A pharaoh ant (Spider:2)
  7 skeletal warriors
  3 wizards
  A lindwurm (Lair:5)
  Pikel (D:5)
  A wolf spider (Spider:2)
  4 deep elf pyromancers
  2 orc sorcerers (Orc:2)
  8 orc knights
  5 manticores
  5 cyclopes
  17 ugly things
  A guardian serpent (shapeshifter) (D:15)
  An ice statue (IceCv)
  2 merfolk sirens (Lair:3)
  Maurice (D:8)
  A black mamba (Lair:2)
  3 gargoyles
  A guardian serpent (D:13)
  Maggie (D:8)
  5 cane toads
  An unseen horror (shapeshifter) (D:10)
  An unseen horror (D:10)
  A yaktaur (D:13)
  Psyche (D:8)
  2 kobold demonologists
  3 tengu conjurers (D:11)
  2 rime drakes
  3 freezing wraiths
  8 komodo dragons
  An efreet (D:15)
  15 polar bears
  4 trolls
  2 merfolk (Lair:3)
  A meliai (shapeshifter) (D:15)
  A tyrant leech (Gauntlet)
  4 hornets (Lair:5)
  2 dream sheep (Lair:5)
  15 blink frogs
  10 slime creatures
  4 shadows
  12 spriggans (Lair:5)
  41 yaks
  19 humans (D:13)
  7 wyverns
  A golden eye (shapeshifter) (D:11)
  3 wraiths
  6 hogs (D:14)
  6 redbacks
  2 steam dragons (D:8)
  A basilisk (Lair:4)
  3 swamp worms (Gauntlet)
  3 vampire mosquitoes (D:12)
  4 wargs (Orc:2)
  3 acid dragons
  13 water moccasins
  2 sky beasts
  29 orc warriors
  10 black bears
  45 wolves
  4 boggarts (Lair:5)
  7 ogres
  8 centaurs
  2 lemures (D:5)
  4 bullfrogs
  4 kobold brigands
  3 scorpions
  A necrophage (D:4)
  3 wights (D:10)
  46 killer bees
  3 electric eels (Lair:5)
  5 howler monkeys
  2 jellies
  2 orc priests
  2 hounds
  A gnoll bouda (D:10)
  4 iguanas
  14 orc wizards
  7 hell rats (Lair:5)
  5 gnolls (D:10)
  13 adders
  2 shadow imps
  3 white imps
  An ufetubus (D:6)
  A worm (D:2)
  4 dart slugs
  71 orcs
  4 ball pythons
  8 endoplasms
  2 giant cockroaches (D:4)
  7 goblins
  6 hobgoblins
  6 jackals
  7 quokkas
  6 bats
  8 frilled lizards
  26 kobolds
  4 rats
  A bush (Lair:4)
738 creatures vanquished.

Vanquished Creatures (others)
  An unseen horror (D:11)
  19 fungi
  19 plants
39 creatures vanquished.

Grand Total: 777 creatures vanquished

Notes
Turn   | Place    | Note
-------+----------+-------------------------------------------
     0 | D:1      | Flugkiller the Minotaur Fighter began the quest for the
                  | Orb.
     0 | D:1      | Reached XP level 1. HP: 19/19 MP: 0/0
   146 | D:1      | Reached skill level 3 in Axes
   146 | D:1      | Reached XP level 2. HP: 27/27 MP: 1/1
   449 | D:1      | Reached XP level 3. HP: 33/33 MP: 2/2
   699 | D:2      | Identified the +0 ring mail of Cowardice {Harm rF+++ Str-5
                  | Stlth-}
   990 | D:2      | Reached skill level 4 in Axes
  1041 | D:2      | Found a faded altar of an unknown god.
  1157 | D:2      | Reached XP level 4. HP: 40/40 MP: 3/3
  1930 | D:3      | Noticed a scorpion
  1940 | D:3      | Killed a scorpion
  1941 | D:3      | Reached skill level 5 in Axes
  1941 | D:3      | Reached XP level 5. HP: 10/47 MP: 4/4
  2805 | D:4      | Reached skill level 5 in Fighting
  2805 | D:4      | Reached skill level 5 in Armour
  2862 | D:4      | Found a staircase to the Ecumenical Temple.
  2879 | D:4      | Reached XP level 6. HP: 42/56 MP: 5/5
  2889 | Temple   | Entered the Ecumenical Temple
  3236 | Temple   | Became a worshipper of Warmaster Okawaru
  3299 | D:4      | Reached skill level 6 in Axes
  3433 | D:4      | Found a white marble altar of Elyvilon.
  3496 | D:4      | Found Leemos's Gadget Gallery.
  3585 | D:4      | Found a basalt altar of Yredelemnul.
  3958 | D:4      | Reached skill level 1 in Invocations
  4505 | D:5      | Entered Level 5 of the Dungeon
  4640 | D:5      | Reached XP level 7. HP: 54/61 MP: 5/7
  4756 | D:5      | Noticed Pikel
  4777 | D:5      | Killed Pikel
  4777 | D:5      | Reached * piety under Okawaru
  4778 | D:5      | Reached skill level 7 in Axes
  5402 | D:5      | Reached XP level 8. HP: 71/71 MP: 7/9
  5457 | D:5      | Reached ** piety under Okawaru
  5597 | D:6      | Found a blossoming altar of Fedhas.
  5597 | D:6      | Found a stormy altar of Qazlal.
  5615 | D:6      | Reached skill level 8 in Axes
  6200 | D:6      | Reached skill level 9 in Axes
  6366 | D:6      | Found Dugimun's Magic Scroll Shoppe.
  6371 | D:6      | Bought 3 scrolls of identify for 84 gold pieces
  6663 | D:7      | Found Hiawojej's Antique Armour Shoppe.
  6837 | D:7      | Identified the +0 ring mail of Cuxym {Rampage rElec Str+4
                  | Dex-4}
  7091 | D:8      | Found a shadowy altar of Dithmenos.
  7091 | D:8      | Found a sparkling altar of Nemelex Xobeh.
  7102 | D:8      | Noticed Gastronok
  7119 | D:8      | Reached XP level 9. HP: 79/79 MP: 9/11
  7127 | D:8      | Reached *** piety under Okawaru
  7133 | D:8      | Reached skill level 10 in Axes
  7161 | D:8      | Killed Gastronok
  7161 | D:8      | Reached **** piety under Okawaru
  7162 | D:8      | Reached skill level 11 in Axes
  7162 | D:8      | Reached skill level 5 in Invocations
  7172 | D:8      | Found a hazy altar of Hepliaklqana.
  7468 | D:8      | Reached XP level 10. HP: 83/90 MP: 11/13
  7578 | D:8      | Found a runed translucent gate.
  7579 | D:8      | Found a runed translucent gate.
  7579 | D:8      | Found a runed translucent gate.
  7581 | D:8      | Found an opulent altar of Gozag.
  7582 | D:8      | Noticed Suckerboh's ghost (novice GrFi)
  7643 | D:8      | Noticed Maurice
  7664 | D:8      | Killed Maurice
  7910 | D:8      | Noticed Psyche
  7916 | D:8      | Killed Psyche
  8049 | D:8      | Noticed Maggie
  8058 | D:8      | Killed Maggie
  8059 | D:8      | Reached skill level 12 in Axes
  8815 | D:9      | Found a shimmering blue altar of Sif Muna.
  8849 | D:9      | Found an opulent altar of Gozag.
  8977 | D:9      | Noticed Erolcha
  8983 | D:9      | Killed Erolcha
  8983 | D:9      | Reached ***** piety under Okawaru
  9192 | D:10     | Entered Level 10 of the Dungeon
  9195 | D:10     | Found a staircase to the Orcish Mines.
  9243 | D:10     | Reached skill level 13 in Axes
  9262 | D:10     | Reached skill level 10 in Fighting
  9506 | D:10     | Reached XP level 11. HP: 98/99 MP: 15/15
  9507 | D:10     | Reached skill level 10 in Armour
  9643 | D:10     | Noticed a two-headed ogre
  9649 | D:10     | Killed a two-headed ogre
  9757 | D:10     | Noticed Lodul
 10386 | D:10     | Found a staircase to the Lair.
 10728 | D:11     | Noticed a two-headed ogre
 10737 | D:10     | Identified the +2 pair of boots "Yroarruj" {rF+ Will++}
                  | (Okawaru gifted it to you on level 10 of the Dungeon)
 10737 | D:10     | Received a gift from Okawaru
 10752 | D:11     | Noticed a boulder beetle
 10752 | D:11     | Noticed a six-headed hydra
 10752 | D:11     | Noticed a boulder beetle
 10761 | D:10     | Reached skill level 14 in Axes
 10788 | D:10     | Killed a boulder beetle
 11073 | D:9      | Killed a boulder beetle
 11435 | Lair:1   | Entered Level 1 of the Lair of Beasts
 12095 | Lair:1   | Found a frozen archway.
 12143 | IceCv    | Entered an ice cave
 12153 | IceCv    | Reached skill level 15 in Axes
 12155 | IceCv    | Reached XP level 12. HP: 103/110 MP: 17/17
 12294 | IceCv    | Noticed a death yak
 12294 | IceCv    | Noticed a death yak
 12305 | IceCv    | Killed a death yak
 12306 | IceCv    | Reached skill level 1 in Evocations
 12306 | IceCv    | Killed a death yak
 12407 | IceCv    | Identified the ring of Nuogukax {rC+ rCorr Str+4 Int-4
                  | Dex+6}
 12448 | IceCv    | Identified the +0 hat "Dushaif" {+Inv Will+} (Okawaru
                  | gifted it to you in an ice cave)
 12448 | IceCv    | Received a gift from Okawaru
 12866 | IceCv    | Noticed a death yak
 12866 | IceCv    | Noticed a death yak
 12866 | IceCv    | Noticed an ironbound frostheart
 12867 | IceCv    | Noticed a death yak
 12867 | IceCv    | Noticed an ironbound frostheart
 12880 | IceCv    | Killed a death yak
 12884 | IceCv    | Killed a death yak
 12885 | IceCv    | Reached skill level 16 in Axes
 12888 | IceCv    | Killed an ironbound frostheart
 12908 | IceCv    | HP: 2/112 [ironbound frostheart (11)]
 12911 | IceCv    | Killed an ironbound frostheart
 12922 | IceCv    | Killed a death yak
 14066 | Lair:2   | Noticed SnubMonkey's ghost (journeyman MiBe)
 14081 | Lair:2   | Found a transporter.
 14101 | Lair:2   | Found a transporter.
 14232 | Lair:3   | Noticed a death yak
 14236 | Lair:3   | Noticed a death yak
 14237 | Lair:3   | Noticed a death yak
 14239 | Lair:3   | Noticed a death yak
 14241 | Lair:3   | Noticed a death yak
 14245 | Lair:3   | Reached XP level 13. HP: 119/119 MP: 17/19
 14259 | Lair:3   | Identified the +3 battleaxe "Lifebane" {vorpal, rF++}
                  | (Okawaru gifted it to you on level 3 of the Lair of Beasts)
 14259 | Lair:3   | Received a gift from Okawaru
 14375 | Lair:3   | Found a hole to the Spider Nest.
 14661 | Lair:3   | Found a staircase to the Shoals.
 14666 | Lair:3   | Reached skill level 17 in Axes
 15182 | Lair:4   | Identified the +0 robe "Sotrap" {rF- Dex+7} (Okawaru gifted
                  | it to you on level 4 of the Lair of Beasts)
 15182 | Lair:4   | Received a gift from Okawaru
 15197 | Lair:4   | Reached skill level 10 in Invocations
 15412 | Lair:4   | Reached skill level 5 in Evocations
 15486 | Lair:4   | Found an iron altar of Okawaru.
 15591 | Lair:4   | You fall into a shaft and drop 1 floor!
 15591 | Lair:5   | Entered Level 5 of the Lair of Beasts
 15738 | Lair:5   | Reached skill level 18 in Axes
 15739 | Lair:5   | Reached XP level 14. HP: 118/129 MP: 20/20
 15751 | Lair:5   | Identified the +3 buckler "Siuz" {Harm rC- Will+ Str+7}
                  | (Okawaru gifted it to you on level 5 of the Lair of Beasts)
 15751 | Lair:5   | Received a gift from Okawaru
 16429 | Lair:5   | Paralysed by a hornet for 1 turns
 16551 | Lair:5   | Identified the +8 falchion of the Ten Stories {protect,
                  | +Blink rElec rF+ rN+}
 17052 | Lair:5   | Found a staircase to the Slime Pits.
 17395 | D:11     | Received a gift from Okawaru
 17909 | D:11     | Reached skill level 15 in Fighting
 18077 | D:11     | Reached skill level 15 in Armour
 18078 | D:11     | Noticed Harold
 18090 | D:11     | Killed Harold
 18486 | D:12     | Reached XP level 15. HP: 141/141 MP: 22/22
 18511 | D:12     | Found a gate leading to a gauntlet.
 18520 | Gauntlet | Entered a Gauntlet
 18520 | Gauntlet | Found a transporter.
 18520 | Gauntlet | Found a runed translucent gate.
 18520 | Gauntlet | Found a runed translucent gate.
 18522 | Gauntlet | Found a runed translucent gate.
 18527 | Gauntlet | Found a transporter.
 18529 | Gauntlet | Found a transporter.
 18540 | Gauntlet | Found a transporter.
 18543 | Gauntlet | Found a transporter.
 18561 | Gauntlet | Found a transporter.
 18566 | Gauntlet | Found a runed translucent door.
 18570 | Gauntlet | Found a transporter.
 18580 | Gauntlet | Found a transporter.
 18591 | Gauntlet | Found a transporter.
 18592 | Gauntlet | Found a runed translucent door.
 18592 | Gauntlet | Found a runed translucent door.
 18605 | Gauntlet | Found a transporter.
 18617 | Gauntlet | Found a transporter.
 18617 | Gauntlet | Found a transporter.
 18662 | Gauntlet | Found a transporter.
 18676 | Gauntlet | Found a transporter.
 18844 | Gauntlet | Identified the ring of Fejikk {Will+ Str+4}
 18909 | Gauntlet | Identified the +6 glaive "Demonslayer" {vorpal, rPois
                  | Str+4}
 18922 | Gauntlet | Identified the +3 hand axe of Conservatism {venom, +Blink
                  | Int+4}
 19107 | D:12     | Reached skill level 1 in Dodging
 19969 | D:13     | Received a gift from Okawaru
 20094 | D:13     | Found a gate to the Vaults.
 20101 | D:13     | Reached skill level 5 in Dodging
 20485 | D:14     | Noticed Kirke
 20504 | D:14     | Killed Kirke
 20817 | D:14     | Noticed Rupert
 20829 | D:14     | Killed Rupert
 21217 | D:14     | Reached skill level 10 in Dodging
 21341 | D:15     | Entered Level 15 of the Dungeon
 21480 | D:15     | Found a shadowy altar of Dithmenos.
 21795 | D:15     | Reached skill level 5 in Shields
 22014 | D:15     | Identified the +0 buckler "Xurr" {rF+ Will+} (Okawaru
                  | gifted it to you on level 15 of the Dungeon)
 22014 | D:15     | Received a gift from Okawaru
 22543 | D:15     | Reached XP level 16. HP: 131/149 MP: 23/23
 22683 | D:15     | Found a staircase to the Depths.
 22774 | D:15     | Com
 22774 | D:15     | adfkajsdhasd
 22950 | Orc:1    | Entered Level 1 of the Orcish Mines
 22971 | Orc:2    | Entered Level 2 of the Orcish Mines
 22971 | Orc:2    | Found a staircase to the Elven Halls.
 22985 | Orc:2    | Found an iron altar of Okawaru.
 23260 | Orc:2    | Found Xukaurietyc's Jewellery Shop.
 23354 | Orc:2    | Found Hoinuila's Antique Armour Shop.
 23376 | Orc:2    | Found Coluohixt's Book Emporium.
 23466 | Orc:2    | Found Nugonisch's Armour Shop.
 23513 | Orc:2    | Found Foblihut's Jewellery Emporium.
 23751 | Spider:1 | Entered Level 1 of the Spider Nest
 23884 | Orc:2    | Bought a ring of poison resistance for 220 gold pieces
 24047 | Spider:2 | Reached skill level 10 in Shields
 24096 | Spider:2 | shoals and spider again, couldnt have it any other way
 24118 | Spider:3 | HP: 1/134 [emperor scorpion (31)]
 24118 | Spider:3 | Slain by an emperor scorpion

Illustrated notes ######## #@.....# #.####.# ### #.# #.# ##### .<##############:####.# #.... #.#.....^..........##.# #.... #.#.#####...####.#.##.# #.... #.#.####.....# #.#.##.# #.... .......##...## #.#.##.# ##.... #.#.##.....## #......# #..... Turn 22774 on D:15: Com

#..#######^.......#
#...#....##.†#s..#
#..###....(.H....###
.......#...##..#...##
.....[.#...#.s## ..^
..).#..†.####.. ..
...<###..#.....##.
#^#.#....#.......###
######...# #....@..#
# ....#.....^..##
..#..#.........^
####.###...#.#..$..
..#...#.## .#?.##
..... # ...... . ..
.... ..#....


Turn 24096 on Spider:2: shoals and spider again, couldnt have it any other way

Levels and vault maps discovered:
D:1:      moated_graveyard_arrival, layout_rooms
D:2:      layout_loops_cross, shapermc_ecumenical_altar_ellora, minivault_11
D:3:      layout_basic
D:4:      minmay_razor_zed, layout_loops_corners, kennysheep_ying_yang,
          minmay_temple_entry_wispy, nicolae_shop_gadgets
D:5:      layout_gridville, uniq_pikel
D:6:      layout_basic, grunt_temple_overflow_forces_of_nature, serial_shops,
          kennysheep_little_box
D:7:      layout_rooms, serial_shops, nicolae_shop_advertising_works
          [nicolae_subvault_shop_adworks], grunt_ministairs_4
D:8:      layout_loops_ring, nicolae_hepliaklqana_hazy_memory,
          chequers_temple_overflow_statue_of_worship, ebering_ghost_gozag,
          uniq_maurice, uniq_maggie, uniq_psyche, uniq_gastronok
D:9:      layout_roguey, nicolae_sif_muna_condensation,
          nicolae_gozag_cash_rules_everything_around_me, serial_curves,
          eino_curves_03, eino_curves_04, uniq_erolcha
D:10:     layout_irregular_city, grunt_lair_entry_orc_guard_hut, orc_0_dummy,
          uniq_lodul
D:11:     minmay_the_grid_octo_tiled_octocenter [minmay_the_grid_octo_clover,
          minmay_the_grid_octo_checkered, minmay_the_grid_octo_fat_diamond,
          minmay_the_grid_octo_toaster, minmay_the_grid_octo_prize_star,
          minmay_the_grid_square_5x5_three,
          minmay_the_grid_square_5x5_inverted_slash,
          minmay_the_grid_square_5x5_tie, minmay_the_grid_square_5x5_minivault],
          layout_basic, uniq_harold
D:12:     layout_grid_maze, gauntlet_entry_generic, grunt_ministairs_2
D:13:     layout_irregular_city, grunt_vaults_entry_tiered,
          nrook_guardian_serpent_ordinary
D:14:     layout_irregular_city, minmay_misc_feat_more_columns,
          minmay_fractal_squares_gapless_5, uniq_rupert, uniq_kirke
D:15:     gammafunk_enter_depths_forms, layout_loops_corners,
          nicolae_dithmenos_through_a_glass_darkly
Temple:   nicolae_temple_figure_eight
Lair:1:   layout_roguey, portal_ice_cave_entry_pillars_1
Lair:2:   layout_gridlike, gammafunk_ghost_berserking_beasts
Lair:3:   wad_woods_minihive, layout_regular_city, elwin_shoals_entry_stream,
          dummy_spider_entry, nzn_sisyphean_effort, lemuel_fruit_tree
Lair:4:   layout_misc_corridors, basic_altar, minivault_19, minivault_24,
          cheibrodos_lair_caveside_slide
Lair:5:   minmay_lair_end_enchanted_forest, layout_long_grid,
          minmay_slime_entry_oklob_open, serial_bayou, serial_bayou_pond_a,
          serial_bayou_pond_b, serial_bayou_pond_d, serial_bayou_lagoon_b,
          serial_bayou_pond_d
Spider:1: nicolae_spider_jumping_over_cracks [nicolae_spider_jumping_sub_lava,
          nicolae_spider_jumping_sub_no_exit, nicolae_spider_jumping_sub_notch,
          nicolae_spider_jumping_sub_offset], gammafunk_ghost_mausoleum,
          nicolae_spider_orb_run, uniq_aizul, uniq_nikola
Spider:2: layout_spider_delve, nicolae_spider_spiderdrome
Spider:3: layout_spider_delve, nicolae_spider_swamp_cousins,
          hangedman_spider_tarantella_strand, uniq_arachne, uniq_jorgrun,
          uniq_roxanne
Orc:1:    layout_diamond_mine, basic_altar
Orc:2:    st_orc_town, layout_caves, serial_shops, nicolae_shop_waterfront,
          okawaru_metal_pillars_1_2

Skill      XL: |  1  2  3  4  5  6  7  8  9 10 11 12 13 14 15 16 |
---------------+-------------------------------------------------+-----
Axes           | 3 4 5 6 7 9 11 13 15 16 18 | 18.0
Fighting       | 4 5 6 7 8 10 11 12 13 15 | 15.4
Armour         | 4 5 6 7 8 9 11 12 13 15 | 15.3
Invocations    | 1 2 4 5 7 8 9 10 11 | 11.0
Evocations     | 3 5 8 |  8.3
Dodging        | 11 | 11.0
Shields        | 7 10 | 10.2

Action                   |  1- 3 |  4- 6 |  7- 9 | 10-12 | 13-15 | 16-18 || total
-------------------------+-------+-------+-------+-------+-------+-------++-------
Melee: War axe           |    91 |   179 |   174 |    41 |       |       ||   485
       Headbutt          |    12 |    34 |    39 |   110 |   285 |    52 ||   532
       Broad axe         |       |       |       |   435 |  1043 |   171 ||  1649
Invok: Heroism           |       |       |     4 |    29 |    28 |     9 ||    70
       Finesse           |       |       |       |     5 |    13 |     2 ||    20
Evoke: Wand              |       |       |       |     6 |     1 |       ||     7
       Tin of tremorston |       |       |       |       |     1 |       ||     1
  Use: Scroll            |       |       |    14 |     8 |    11 |     7 ||    40
       Potion            |       |       |     2 |     4 |       |     4 ||    10
 Stab: Distracted        |       |       |       |     2 |       |       ||     2
       Invisible         |       |       |       |       |     1 |       ||     1
       Confused          |       |       |       |       |       |     3 ||     3
Armor: Scale mail        |     3 |       |       |       |       |       ||     3
       Plate armour      |    58 |   120 |   116 |   450 |   528 |    76 ||  1348
Dodge: Dodged            |    29 |    39 |    67 |   212 |   315 |    82 ||   744
Block: Buckler           |    27 |    29 |    46 |   156 |   244 |    65 ||   567
